Unix xNetHack Version 7.1.0 - last build Jul 4 2022 02:09:00 (ec8469f2eb63cac24863ec985b09651f3a72bf9f). Game began 2022-07-18 10:52:07, ended 2022-07-18 11:15:13. Raisse, neutral female gnomish Wizard # -----.------ |..*.......| -.......~.{| |..........| -+-----.---- ###G # -a--- # |%..| # #..a.| # #|....# # |...| # # |...| ##### ##### ---|- ##### # -.-.------- ################# # |...(.....| ####-----+-# #-.........| #-.....|####|.........| |......# |.........| ------- ----------- Raisse the Thaumaturge St:13 Dx:11 Co:17 In:19 Wi:9 Ch:9 Neutral Dlvl:7 $:2 HP:0(53) Pw:37(73) AC:3 Xp:7/693 T:6706 Latest messages: You consume gourmet hobgoblin. You hear the splashing of a naiad. N - a milky potion {20}. The door resists! The killer bee stings! The killer bee stings! The door opens. The killer bee stings! The killer bee stings! You miss the killer bee. The killer bee stings! The killer bee stings! The killer bee stings! The killer bee stings! In what direction? j The spell misses the killer bee. The spell misses the killer bee. Your skull cap blocks the killer bee's attack. In what direction? j You kill the killer bee! You kill the killer bee! In what direction? j The magic missile misses the killer bee. You kill the killer bee! Welcome to experience level 7. You kill the killer bee! You kill the killer bee! You miss the killer bee. The killer bee stings! You miss the killer bee. The killer bee stings! You miss the killer bee. The killer bee stings! You miss the killer bee. The killer bee stings! You miss the killer bee. The killer bee stings! You miss the killer bee. The killer bee stings! You miss the killer bee. The killer bee stings! The killer bee's sting was poisoned! Wizard, your life force is running out. The killer bee stings! You die... Do you want your possessions identified? [ynq] (y) y Do you want to see your attributes? [ynq] (y) y Do you want an account of creatures vanquished? [ynaq] (y) y Do you want to see your conduct and achievements? [ynq] (y) y Do you want to see the dungeon overview? [ynq] (y) y Major events: Turn 1: Raisse the neutral female gnomish Wizard entered the dungeon 156: entered the Gnomish Mines 372: attained the rank of Conjurer (level 3) 850: reached Mine Town 872: read a Discworld novel 4114: attained the rank of Thaumaturge (level 6) 6706: killed by a killer bee Inventory: Inventory: 492/960 weight (30/52 slots) Coins $ - 2 gold pieces {1} Weapons a - a blessed +1 dagger (weapon in hand) {10} r - an uncursed +0 dagger {10} y - a blessed +1 quarterstaff {40} E - an uncursed +0 elven dagger {10} Armor A - a blessed +1 mithril elven ring mail (being worn) {88} C - an uncursed +0 cloak of magic resistance (being worn) {8} H - an uncursed +0 orcish helm (being worn) {23} Scrolls c - an uncursed scroll of enchant armor {5} h - an uncursed scroll of enchant weapon {5} j - an uncursed scroll of identify {5} k - 3 uncursed scrolls of blank paper {15} u - an uncursed scroll of confuse monster {5} G - an uncursed scroll of destroy armor {5} Potions m - an uncursed potion of confusion {20} n - 2 uncursed potions of gain ability {40} z - an uncursed potion of booze {20} L - an uncursed potion of water {20} M - an uncursed potion of restore ability {20} N - an uncursed potion of healing {20} R - an uncursed potion of extra healing {20} S - an uncursed potion of water {20} Rings l - an uncursed +2 ring of gain constitution (on right hand) {3} o - an uncursed ring of cold resistance {3} v - a blessed +4 ring of carrying (on left hand) {3} Tools b - an uncursed blindfold {2} q - an uncursed lock pick {4} w - an uncursed copper magic whistle {3} x - an uncursed paper sack containing 4 items {40} K - an uncursed flute {5} W - a cursed magic lamp (lit) {20} Contents of the paper sack: 1012 gold pieces an uncursed apple an empty uncursed sack 3 uncursed tallow candles Raisse the Wizard's attributes: Background: You were a Thaumaturge, a level 7 female gnomish Wizard. You were neutral, on a mission for Thoth who was opposed by Ptah (lawful) and Anhur (chaotic). You were bisexual. You were in the Dungeons of Doom, on level 7. You entered the dungeon 6706 turns ago. You had 693 experience points, 587 more were needed to attain level 8. Basics: You had 0 out of 53 hit points. You had 37 out of 73 energy points (spell power). Your armor class was 3. Your wallet contained 2 zorkmids. Autopickup was on for '$!?/"=+' plus thrown, with exceptions. Final Characteristics: Your strength was 13 (limit:18/50). Your dexterity was 11 (limit:18). Your constitution was 17 (base:15, limit:18). Your intelligence was 19 (limit:19). Your wisdom was 9 (limit:18). Your charisma was 9 (limit:18). Final Status: You were not hungry. You were unencumbered. You were wielding a dagger. You had basic skill with dagger and could have enhanced that. Final Attributes: You were piously aligned. You were magic-protected. You were telepathic. You had infravision. You were guarded. You are dead. Miscellaneous: You never encountered a bones level. Total elapsed playing time was 23 minutes and 5 seconds. Vanquished creatures: 2 leprechauns a raven a wood nymph 2 rock moles a fog cloud a yellow light a gnomish wizard a gray ooze a paper golem 4 giant ants 2 floating eyes a kitten 2 homunculi a kobold leader 2 rothes a centipede a giant bat 2 dwarf zombies a wererat 2 iguanas 7 killer bees 3 coyotes a gas spore 5 hobbits a large kobold a hobgoblin 2 cave spiders a yellow mold 2 gnomes a gnome zombie 6 geckos 9 jackals a fox a kobold 3 goblins 5 grid bugs 4 lichens 2 kobold zombies 10 newts 95 creatures vanquished. No species were genocided or became extinct. Voluntary challenges: You read items or engraved 5 times. You never genocided any monsters. You never polymorphed an object. You never changed form. You never touched an artifact. You used no wishes. You were celibate. You never generated conflict. Achievements: You entered the Gnomish Mines. You attained the rank of Conjurer. You entered Minetown. You entered a shop. You read from a Discworld novel. You entered a temple. You attained the rank of Thaumaturge. The Dungeons of Doom: levels 1 to 7 Level 1: A tree. Level 2: Stairs down to The Gnomish Mines. Level 3: Some altars to Thoth, some sinks. Level 4: A fountain. Level 5: Level 7: <- You were here. A fountain. Final resting place for you, killed by a killer bee. The Gnomish Mines: levels 3 to 7 Level 3: Level 4: "spb" Level 5: Level 6: Many shops, a temple to Thoth, some fountains. Level 7: Game over: __________ / \ / REST \ / IN \ / PEACE \ / \ | Raisse | | 1014 Au | | killed by a | | killer bee | | | | | | 2022 | *| * * * | * _________)/\\_//(\/(/\)/\//\/|_)_______ Goodbye Raisse the Wizard... You died in The Dungeons of Doom on dungeon level 7 with 4005 points, and 1014 pieces of gold, after 6706 moves. You were level 7 with a maximum of 53 hit points when you died.